 Dungeon Crawl Stone Soup version 0.23.0-3-gf3c87f2 (webtiles) character file.

Game seed: 16730472187828837107

291 Semilg the Shield-Bearer (level 6, -1/38 HPs)
             Began as a Gargoyle Fighter on Feb 24, 2019.
             Was an Initiate of Nemelex Xobeh.
             Slain by an orc priest
             ... wielding a +0 flail
              (6 damage)
             ... on level 3 of the Dungeon.
             The game lasted 00:14:23 (3032 turns).

Semilg the Shield-Bearer (Gargoyle Fighter)         Turns: 3032, Time: 00:14:24

Health: -1/38      AC: 11    Str: 21    XL:     6   Next: 32%
Magic:  6/6        EV:  8    Int:  9    God:    Nemelex Xobeh [......]
Gold:   101        SH: 10    Dex:  9    Spells: 5/5 levels left

rFire    . . .     SeeInvis +   a - +0 flail
rCold    . . .     Gourm    .   c - +1 shield
rNeg     + . .     Faith    .   b - +0 scale mail
rPois    ∞         Spirit   .   (no helmet)
rElec    +         Reflect  .   (no cloak)
rCorr    .         Harm     .   (no gloves)
MR       .....                  (no boots)
Stlth    ..........             (no amulet)
HPRegen  0.12/turn              u - ring of see invisible
MPRegen  0.10/turn              (no ring)

@: no status effects
A: negative energy resistance 1, electricity resistance, unbreathing,
petrification resistance, rot immunity, AC +4
a: Draw Escape, Draw Destruction, Draw Summoning, Renounce Religion


You were on level 3 of the Dungeon.
You worshipped Nemelex Xobeh.
Nemelex Xobeh was noncommittal.
You were not hungry.

You visited 1 branch of the dungeon, and saw 3 of its levels.

You collected 101 gold pieces.

Inventory:

Hand Weapons
 a - a +0 flail (weapon)
 e - a +0 spear of venom
 p - a +0 hunting sling
Missiles
 h - 73 sling bullets (quivered)
Armour
 b - a +0 scale mail (worn)
 c - a +1 shield (worn)
 t - a +0 chain mail
 v - a +0 shield
 w - a +0 naga barding of stealth
Jewellery
 u - a ring of see invisible (left hand)
 x - an uncursed amulet of regeneration {unknown}
Wands
 o - a wand of polymorph (4)
Scrolls
 k - a scroll of fear
 l - 2 scrolls of remove curse
 q - 2 scrolls of fog
 r - 2 scrolls of teleportation
Potions
 d - a potion of might
 i - a potion of brilliance
 j - a potion of curing {unknown}
 m - a potion of haste {unknown}
 n - a potion of lignification {unknown}
 s - a potion of mutation {unknown}
 z - a potion of degeneration {unknown}
Comestibles
 f - 3 rations


   Skills:
 + Level 4.1 Fighting
 + Level 4.2 Maces & Flails
 + Level 4.2 Armour
 + Level 1.0 Dodging
 + Level 0.2 Stealth
 + Level 4.7 Shields


You had 5 spell levels left.
You didn't know any spells.
Your spell library was empty.

Dungeon Overview and Level Annotations

Branches:
Dungeon (3/15)

Altars:
Dithmenos
Fedhas
Makhleb
Nemelex Xobeh
Sif Muna
Trog
Yredelemnul


Innate Abilities, Weirdness & Mutations

You are resistant to torment.
Your stone body is resilient. (AC +4)
You are immune to poison.
You resist negative energy. (rN+)
You are resistant to electric shocks. (rElec)
You can survive without breathing.
You are immune to petrification.
You are immune to rotting.


Message History

You block the orc priest's attack.
You hit the orc priest.
The orc priest is heavily wounded.
You block the orc priest's attack.
Your shield and scale mail prevent you from hitting the orc priest.
The orc priest is heavily wounded.
The orc priest hits you with a +0 flail.
You closely miss the orc priest.
The orc priest is moderately wounded.
The orc priest invokes the aid of Beogh against you.
Pain shoots through your body!
* * * LOW HITPOINT WARNING * * *
You hit the orc priest.
The orc priest is heavily wounded.
You block the orc priest's attack.
You hit the orc priest.
The orc priest is heavily wounded.
The orc priest hits you with a +0 flail.
You die...
Your body disappears without a glow.

....#########)##
##..# #..# #..###
##.## ##....# #..#
....#.# ##.#
###.#.# #.## #.#>#
#..# #.#.# ##.##
#(#.#### #@o#
#........######.##
#..≈.≈.≈.≈.≈.≈...#
#.. ............#
###≈ ≈.≈.≈.≈.≈.≈.#
.... ............#
##.≈ ≈.≈.≈.≈.≈.≈.#
....$.......# ###≈
≈.≈.≈.≈.≈.≈.#


You could see an orc priest.

Vanquished Creatures
  A phantom (D:2)
  An orc priest (D:3)
  A hound (D:3)
  Terence (D:3)
  3 adders (D:2)
  An ooze (D:3)
  3 worms
  3 dart slugs
  A leopard gecko (D:1)
  An orc (D:3)
  4 giant cockroaches
  11 goblins
  5 hobgoblins
  9 jackals
  8 kobolds
  3 quokkas
  A ball python (D:3)
  6 bats
  6 frilled lizards
  6 rats
75 creatures vanquished.

Notes
Turn   | Place    | Note
-------+----------+-------------------------------------------
     0 | D:1      | Semilg the Gargoyle Fighter began the quest for the Orb.
     0 | D:1      | Reached XP level 1. HP: 14/14 MP: 1/1
   196 | D:1      | Reached XP level 2. HP: 19/19 MP: 2/2
  1044 | D:2      | Reached XP level 3. HP: 15/23 MP: 3/3
  1172 | D:2      | Noticed a phantom
  1229 | D:2      | Killed a phantom
  1229 | D:2      | Reached XP level 4. HP: 11/29 MP: 4/4
  1229 | D:2      | Reached XP level 5. HP: 12/33 MP: 5/5
  2095 | D:3      | Found a basalt altar of Yredelemnul.
  2178 | D:3      | Found a burning altar of Makhleb.
  2179 | D:3      | Found a blossoming altar of Fedhas.
  2183 | D:3      | Found a shadowy altar of Dithmenos.
  2185 | D:3      | Found a deep blue altar of Sif Muna.
  2186 | D:3      | Found a sparkling altar of Nemelex Xobeh.
  2225 | D:3      | Became a worshipper of Nemelex Xobeh the Trickster
  2530 | D:3      | Received a gift from Nemelex Xobeh
  2570 | D:3      | Noticed Terence
  2612 | D:3      | Reached XP level 6. HP: 24/38 MP: 6/6
  2633 | D:3      | Killed Terence
  2845 | D:3      | Found a bloodstained altar of Trog.
  2989 | D:3      | Reached skill level 1 in Dodging
  3032 | D:3      | Slain by an orc priest

Skill      XL: |  1  2  3  4  5  6 |
---------------+-------------------+-----
Shields        | 4 |  4.7
Maces & Flails | 3 4 |  4.2
Armour         | 4 |  4.2
Fighting       | 4 |  4.1
Dodging        | 1 |  1.0
Stealth        | |  0.2

Action                   |  1- 3 |  4- 6 || total
-------------------------+-------+-------++-------
Melee: Flail             |   110 |   186 ||   296
  Use: Scroll            |       |     7 ||     7
  Eat: Chunk             |     1 |     6 ||     7
Armor: Scale mail        |    49 |   103 ||   152
       Skin              |       |     6 ||     6
Dodge: Dodged            |    24 |    73 ||    97
Block: Shield            |    57 |   117 ||   174
